 Dungeon Crawl Stone Soup version 0.30-a0-55-g90e3122c3a (webtiles) character file.

Game seed: 380722837894267124

6 jlumianski the Chopper (level 1, 0/16 HPs)
             Began as a Demonspawn Gladiator on Sept 9, 2022.
             Slain by a gnoll
             ... wielding a +0 club
              (6 damage)
             ... on level 1 of the Dungeon.
             The game lasted 00:00:35 (114 turns).

jlumianski the Chopper (Demonspawn Gladiator)        Turns: 114, Time: 00:00:35

Health: 0/16       AC:  4    Str: 14    XL:     1   Next: 75%
Magic:  1/1        EV: 12    Int:  9    God:
Gold:   8          SH:  0    Dex: 14    Spells: 0/0 levels left

rFire   . . .      SeeInvis .    a - +0 war axe
rCold   . . .      Faith    .    (no shield)
rNeg    . . .      Spirit   .    b - +0 leather armour
rPois   .          Reflect  .    c - +0 helmet
rElec   .          Harm     .    (no cloak)
rCorr   .          Rampage  .    (no gloves)
Will    .....                    (no boots)
Stlth   +.........               h - amulet of regeneration
HPRegen 0.85/turn                (no ring)
MPRegen 0.07/turn                (no ring)

@: no status effects
A: no striking features
a: no special abilities


You were on level 1 of the Dungeon.
You visited 1 branch of the dungeon, and saw 1 of its levels.

You collected 8 gold pieces.

Inventory:

Hand Weapons
 a - a +0 war axe (weapon)
Missiles
 d - 3 throwing nets (quivered)
 e - a javelin
Armour
 b - a +0 leather armour (worn)
 c - a +0 helmet (worn)
Jewellery
 h - an amulet of regeneration (around neck)
Scrolls
 f - a scroll of immolation {unknown}
Potions
 g - a potion of haste {unknown}


   Skills:
 + Level 2.0 Fighting
 + Level 3.0 Axes
 + Level 1.7 Throwing
 + Level 2.8 Dodging


You couldn't memorise any spells.
You didn't know any spells.
Your spell library was empty.

Dungeon Overview and Level Annotations

Branches:
Dungeon (1/15)

Altars:


Message History

h - an amulet of regeneration (around neck)
You open the door.
A bat, a gnoll and a kobold come into view.
The gnoll shouts!
There is an open door here.
The bat barely misses you. The bat hits you but does no damage. x2
The bat attacks as you move away! The bat closely misses you. x2
The bat hits you but does no damage. The bat barely misses you.
The bat closely misses you. The bat hits you but does no damage.
The bat barely misses you.
There is an open door here.
The bat attacks as you move away! The bat misses you.
The bat hits you but does no damage. The bat hits you but does no damage.
The bat attacks as you move away! The bat closely misses you.
The bat hits you but does no damage. x2
Things that are here:
a hobgoblin corpse; a quokka corpse The bat hits you but does no damage.
The bat attacks as you move away! The bat closely misses you.
The bat completely misses you.
You slash the bat!
You kill the bat!
Your Axes skill increases to level 3!
You hit the gnoll.
The gnoll is moderately wounded.
The gnoll hits you with a +0 club. x2
You slash the gnoll!
The gnoll is severely wounded.
The gnoll misses you.
You closely miss the gnoll.
The gnoll is severely wounded.
The gnoll barely misses you.
You hit the gnoll but do no damage.
The gnoll is severely wounded.
The gnoll hits you with a +0 club. x2
You die...

#.......# ♣♣....
#...8...# ♣.....
#...K...# ##♣.....
#.......# ##....♣.♣
##.....## #......⌠. #
###g### ##.....♣.♣ #.#
#...# #...♣.....
#...#####.###...♣.....
#...@gK..†....#♣♣....
#...######..#.## ♣♣..♣
....# ##.#.# ♣♣♣# ###
#.[.# ##..# #..# ####


You could see a gnoll and a kobold.

Vanquished Creatures
  A giant cockroach (D:1)
  A hobgoblin (D:1)
  A quokka (D:1)
  2 bats (D:1)
5 creatures vanquished.

Notes
Turn   | Place    | Note
-------+----------+-------------------------------------------
     0 | D:1      | jlumianski the Demonspawn Gladiator began the quest for the
                  | Orb.
     0 | D:1      | Reached XP level 1. HP: 16/16 MP: 1/1
   111 | D:1      | Reached skill level 3 in Axes
   114 | D:1      | Slain by a gnoll

Illustrated notes

Levels and vault maps discovered:
D:1:      amcnicky_arrival_underground_garden, layout_rooms,
          kennysheep_flooded_box

Skill      XL: |  1 |
---------------+----+-----
Axes           | 3 |  3.0
Fighting       | |  2.0
Throwing       | |  1.7
Dodging        | |  2.8

Action                   || total
-------------------------++-------
Melee: War axe           ||    14
Armor: Leather armour    ||    13
Dodge: Dodged            ||    19

Table legend: (Time is in decaauts)
 A = Elapsed time spent in this place.
 B = Non-inter-level travel time spent in this place.
 C = Inter-level travel time spent in this place.
 D = Time resting spent in this place.
 E = Time spent auto-exploring this place.
 F = Levels seen in this place.
 G = Mean time per level.
                   A        B        C        D        E       F      G
               +--------+--------+--------+--------+--------+-----+--------+
         Total |    118 |    118 |      0 |      0 |     47 |   1 |  118.0 |
       Dungeon |    118 |    118 |      0 |      0 |     47 |   1 |  118.0 |
               +--------+--------+--------+--------+--------+-----+--------+

Top non-repeatable levels by time:
     D:1: 118 daAuts
